[ AOE2 MATCH · #479974723 ]
Team RMSpanish vs Byzantines
Player's team · LOSS
[ REPLAY ANALYSIS · EXTRACTED FROM THE RECORDED GAME ]
Feudal
—
Castle
—
Imperial
—
| APM avg | 13.9 |
| APM peak | 35 |
| eAPM avg | 8.6 |
| Villagers / military | 111 / 37 |
Focus
⚔️ 23.1% · 🌾 76.9%
Conquistador ×32 · Trade Cart ×6 · Missionary ×5
Feudal
15:25
Castle
20:17
Imperial
26:00
| APM avg | 14.2 |
| APM peak | 50 |
| eAPM avg | 12.5 |
| Villagers / military | 262 / 254 |
Focus
⚔️ 25.8% · 🌾 74.2%
Hand Cannoneer ×221 · Cavalry Archer ×24 · Trebuchet (Packed) ×9 · Trade Cart ×7
Feudal
12:21
Castle
18:21
Imperial
33:31
| APM avg | 19.5 |
| APM peak | 74 |
| eAPM avg | 16.2 |
| Villagers / military | 120 / 448 |
Focus
⚔️ 54.1% · 🌾 45.9%
Scout Cavalry ×149 · Spearman ×145 · Battle Elephant ×100 · Ballista Elephant ×43 · Trebuchet (Packed) ×6 · Knight ×4
Feudal
13:39
Castle
22:12
Imperial
33:35
| APM avg | 17.0 |
| APM peak | 44 |
| eAPM avg | 14.5 |
| Villagers / military | 96 / 289 |
Focus
⚔️ 50.6% · 🌾 49.4%
Cataphract ×172 · Spearman ×64 · Skirmisher ×41 · Trebuchet (Packed) ×9 · Trade Cart ×5 · Monk ×3
Feudal
10:39
Castle
16:07
Imperial
32:51
| APM avg | 25.2 |
| APM peak | 132 |
| eAPM avg | 19.1 |
| Villagers / military | 154 / 659 |
Focus
⚔️ 60.1% · 🌾 39.9%
Spearman ×330 · Huskarl ×305 · Trebuchet (Packed) ×14 · Scout Cavalry ×10
Feudal
10:53
Castle
18:44
Imperial
34:07
| APM avg | 17.0 |
| APM peak | 44 |
| eAPM avg | 11.1 |
| Villagers / military | 211 / 284 |
Focus
⚔️ 34.7% · 🌾 65.3%
Spearman ×228 · Ballista Elephant ×34 · Scout Cavalry ×9 · Battle Elephant ×8 · Trebuchet (Packed) ×5
Feudal
—
Castle
—
Imperial
—
| APM avg | 5.9 |
| APM peak | 23 |
| eAPM avg | 5.5 |
| Villagers / military | 75 / 29 |
Focus
⚔️ 26.8% · 🌾 73.2%
Cavalry Archer ×16 · Trade Cart ×9 · Steppe Lancer ×7 · Monk ×4 · Scorpion ×2
Feudal
17:06
Castle
21:31
Imperial
31:47
| APM avg | 35.9 |
| APM peak | 113 |
| eAPM avg | 20.5 |
| Villagers / military | 146 / 937 |
Focus
⚔️ 25.1% · 🌾 74.9%
Scout Cavalry ×926 · Bombard Cannon ×11
Match map
Initial resources + every placement click. Lines = walls · curves = elevation contours. ◆ gold · ⬟ stone · ● berries · ✦ relic · ◌ wall gap
Your base· ✓ Closed at 22:45 · 25t walls · 2 gate(s)
OL PERROLOKO's base· ✓ Closed at 20:17 · 0t walls · 2 gate(s)
lybbijanika's base· ✓ Closed at 18:21 · 0t walls · 3 gate(s)
Deryuro's base· ✓ Closed at 22:12 · 0t walls · 3 gate(s)
Анольный Картель 7kmmr's base· ✓ Closed at 16:07 · 0t walls · 2 gate(s)
nextneko's base· ✓ Closed at 18:44 · 0t walls · 2 gate(s)
mrwiseguy1's base· ✓ Closed at 25:53 · 0t walls · 3 gate(s)
ksffvbh's base· ✓ Closed at 21:31 · 0t walls · 2 gate(s)
Smoothed initial terrain · ◌ = detected wall gap · hover for details
Inputs per minute
— TheSplachKiller - - OL PERROLOKO
Build order — TheSplachKiller
First 150 of 304 actions detected
| 0:06 | Create | Villager (Male) |
| 0:06 | Create | Villager (Male) |
| 0:07 | Create | Villager (Male) |
| 0:14 | Build | House |
| 0:26 | Build | House |
| 0:30 | Create | Villager (Male) |
| 1:45 | Create | Villager (Male) |
| 1:45 | Create | Villager (Male) |
| 2:16 | Create | Villager (Male) |
| 3:15 | Create | Villager (Male) |
| 3:16 | Create | Villager (Male) |
| 3:16 | Create | Villager (Male) |
| 4:27 | Create | Villager (Male) |
| 4:27 | Create | Villager (Male) |
| 5:04 | Build | House |
| 5:18 | Create | Villager (Male) |
| 6:01 | Build | Mill |
| 7:07 | Build | House |
| 7:08 | Build | House |
| 7:10 | Build | House |
| 7:45 | Create | Villager (Male) |
| 7:46 | Create | Villager (Male) |
| 7:59 | Build | Barracks |
| 8:12 | Create | Villager (Male) |
| 8:51 | Research | Feudal Age |
| 9:02 | Build | Mining Camp |
| 9:53 | Build | Lumber Camp |
| 10:05 | Build | House |
| 11:16 | Research | Wheelbarrow |
| 11:18 | Create | Villager (Male) |
| 11:18 | Create | Villager (Male) |
| 11:25 | Research | Double-Bit Axe |
| 11:54 | Create | Villager (Male) |
| 11:54 | Create | Villager (Male) |
| 12:00 | Create | Villager (Male) |
| 12:15 | Build | Mill |
| 12:26 | Create | Villager (Male) |
| 12:49 | Create | Villager (Male) |
| 12:49 | Create | Villager (Male) |
| 12:58 | Create | Villager (Male) |
| 13:04 | Build | Mining Camp |
| 13:38 | Build | Farm |
| 13:38 | Build | Farm |
| 13:38 | Build | Farm |
| 13:38 | Build | Farm |
| 13:56 | Build | Farm |
| 14:05 | Create | Villager (Male) |
| 14:29 | Research | Stone Mining |
| 14:35 | Create | Villager (Male) |
| 15:36 | Build | Mining Camp |
| 15:42 | Create | Villager (Male) |
| 15:43 | Create | Villager (Male) |
| 15:43 | Create | Villager (Male) |
| 16:34 | Create | Villager (Male) |
| 17:06 | Create | Villager (Male) |
| 17:11 | Research | Gold Mining |
| 17:15 | Research | Horse Collar |
| 17:31 | Build | House |
| 17:32 | Build | House |
| 17:34 | Build | House |
| 18:02 | Build | Stone Wall |
| 18:10 | Build | Gate |
| 18:20 | Create | Villager (Male) |
| 18:20 | Create | Villager (Male) |
| 18:37 | Build | Farm |
| 18:37 | Build | Farm |
| 18:37 | Build | Farm |
| 18:38 | Build | Farm |
| 18:41 | Build | Farm |
| 18:58 | Create | Villager (Male) |
| 18:58 | Create | Villager (Male) |
| 19:06 | Build | Farm |
| 19:07 | Build | Farm |
| 19:56 | Build | Farm |
| 19:56 | Build | Farm |
| 19:57 | Build | Farm |
| 19:57 | Build | Farm |
| 19:58 | Build | Farm |
| 20:12 | Create | Villager (Male) |
| 20:13 | Create | Villager (Male) |
| 20:35 | Build | Lumber Camp |
| 21:31 | Create | Villager (Male) |
| 21:31 | Create | Villager (Male) |
| 21:31 | Create | Villager (Male) |
| 21:41 | Build | Market |
| 22:25 | Build | Blacksmith |
| 22:28 | Create | Villager (Male) |
| 22:45 | Research | Castle Age |
| 23:41 | Build | Mining Camp |
| 23:45 | Build | Farm |
| 24:07 | Build | Farm |
| 24:19 | Build | Farm |
| 25:05 | Create | Trade Cart |
| 25:05 | Create | Trade Cart |
| 25:19 | Create | Trade Cart |
| 25:36 | Build | Monastery |
| 25:51 | Research | Bow Saw |
| 25:59 | Research | Town Watch |
| 26:03 | Research | Loom |
| 26:32 | Build | Castle |
| 26:54 | Research | Heavy Plow |
| 26:59 | Research | Stone Shaft Mining |
| 27:05 | Research | Fletching |
| 27:11 | Create | Missionary |
| 27:11 | Create | Missionary |
| 27:27 | Create | Missionary |
| 27:35 | Research | Hand Cart |
| 27:56 | Build | University |
| 28:11 | Research | Caravan |
| 28:11 | Create | Trade Cart |
| 28:33 | Create | Conquistador |
| 28:34 | Create | Conquistador |
| 28:34 | Create | Conquistador |
| 28:42 | Build | Castle |
| 28:50 | Create | Villager (Male) |
| 28:50 | Create | Villager (Male) |
| 28:51 | Create | Villager (Male) |
| 28:51 | Create | Villager (Male) |
| 29:00 | Research | Murder Holes |
| 29:05 | Research | Fortified Wall (upgrade) |
| 29:39 | Create | Missionary |
| 29:39 | Create | Missionary |
| 29:43 | Create | Conquistador |
| 29:43 | Create | Conquistador |
| 29:46 | Create | Conquistador |
| 30:01 | Research | Scale Barding Armor |
| 30:26 | Build | Town Center |
| 30:38 | Build | Farm |
| 31:40 | Create | Conquistador |
| 31:40 | Create | Conquistador |
| 31:47 | Research | Ballistics |
| 32:02 | Create | Villager (Male) |
| 32:03 | Create | Villager (Male) |
| 32:03 | Create | Villager (Male) |
| 32:03 | Create | Villager (Male) |
| 32:04 | Create | Villager (Male) |
| 33:56 | Create | Conquistador |
| 33:57 | Create | Conquistador |
| 33:57 | Create | Conquistador |
| 33:57 | Create | Conquistador |
| 33:57 | Create | Conquistador |
| 34:05 | Create | Villager (Male) ×5 |
| 34:05 | Create | Villager (Male) ×5 |
| 34:06 | Create | Villager (Male) ×5 |
| 34:20 | Research | Bodkin Arrow |
| 34:21 | Research | Padded Archer Armor |
| 34:23 | Research | Scale Mail Armor |
| 34:36 | Research | Guard Tower (upgrade) |
| 35:40 | Create | Villager (Male) |
| 35:40 | Create | Villager (Male) |
Build order — OL PERROLOKO
First 150 of 598 actions detected
| 0:02 | Create | Villager (Male) |
| 0:02 | Create | Villager (Male) |
| 0:03 | Create | Villager (Male) |
| 0:03 | Create | Villager (Male) |
| 0:03 | Create | Villager (Male) |
| 0:08 | Build | House |
| 0:11 | Build | House |
| 1:49 | Create | Villager (Male) |
| 2:13 | Create | Villager (Male) |
| 2:20 | Build | Mill |
| 2:47 | Create | Villager (Male) |
| 2:56 | Build | House |
| 3:11 | Create | Villager (Male) |
| 3:11 | Create | Villager (Male) |
| 3:12 | Create | Villager (Male) |
| 3:53 | Create | Villager (Male) |
| 4:43 | Create | Villager (Male) |
| 4:43 | Create | Villager (Male) |
| 5:07 | Create | Villager (Male) |
| 6:02 | Create | Villager (Male) |
| 6:28 | Create | Villager (Male) |
| 6:34 | Research | Horse Collar |
| 6:45 | Build | Lumber Camp |
| 6:51 | Create | Villager (Male) |
| 7:09 | Create | Villager (Male) |
| 7:18 | Build | House |
| 7:53 | Create | Villager (Male) |
| 7:53 | Create | Villager (Male) |
| 7:54 | Create | Villager (Male) |
| 8:08 | Build | Lumber Camp |
| 8:52 | Build | House |
| 8:54 | Build | House |
| 9:24 | Create | Villager (Male) |
| 9:28 | Create | Villager (Male) |
| 9:33 | Create | Villager (Male) |
| 9:33 | Create | Villager (Male) |
| 9:34 | Create | Villager (Male) |
| 9:34 | Create | Villager (Male) |
| 9:35 | Create | Villager (Male) |
| 9:35 | Create | Villager (Male) |
| 9:43 | Build | House |
| 9:45 | Build | House |
| 9:47 | Build | House |
| 9:48 | Build | House |
| 9:49 | Build | House |
| 9:57 | Research | Double-Bit Axe |
| 10:21 | Build | Mining Camp |
| 10:27 | Create | Villager (Male) |
| 10:49 | Build | Mill |
| 11:49 | Research | Wheelbarrow |
| 13:12 | Build | Farm |
| 13:12 | Build | Farm |
| 13:12 | Build | Farm |
| 13:13 | Build | Farm |
| 13:13 | Build | Farm |
| 13:15 | Research | Feudal Age |
| 13:22 | Build | Farm |
| 13:23 | Build | Farm |
| 13:24 | Build | Farm |
| 13:24 | Build | Farm |
| 13:24 | Build | Farm |
| 13:35 | Build | Farm |
| 13:56 | Build | House |
| 14:33 | Build | Barracks |
| 15:01 | Research | Gold Mining |
| 15:25 | Age | Feudal Age |
| 15:42 | Build | Blacksmith |
| 15:48 | Create | Villager (Male) |
| 16:12 | Build | Market |
| 16:40 | Build | Mining Camp |
| 16:47 | Create | Villager (Male) |
| 17:02 | Research | Stone Mining |
| 17:12 | Research | Town Watch |
| 17:32 | Research | Castle Age |
| 18:18 | Build | Archery Range |
| 18:24 | Create | Villager (Male) |
| 18:25 | Create | Villager (Male) |
| 18:44 | Research | Bow Saw |
| 18:47 | Research | Heavy Plow |
| 19:45 | Build | Stable |
| 20:17 | Age | Castle Age |
| 20:49 | Build | Castle |
| 20:59 | Create | Villager (Male) |
| 21:24 | Build | Farm |
| 21:26 | Build | Farm |
| 21:34 | Create | Villager (Male) |
| 21:55 | Create | Villager (Male) |
| 22:12 | Build | House |
| 22:25 | Create | Villager (Male) |
| 22:51 | Research | Imperial Age |
| 23:52 | Build | University |
| 24:01 | Build | Town Center |
| 24:21 | Build | Town Center |
| 24:39 | Research | Hand Cart |
| 25:22 | Create | Villager (Male) |
| 25:22 | Create | Villager (Male) |
| 25:22 | Create | Villager (Male) |
| 25:30 | Build | House |
| 25:30 | Build | House |
| 25:30 | Build | House |
| 25:31 | Build | House |
| 25:31 | Build | House |
| 25:31 | Build | House |
| 25:31 | Build | House |
| 25:32 | Build | House |
| 25:32 | Build | House |
| 25:32 | Build | House |
| 25:32 | Build | House |
| 25:33 | Build | House |
| 25:33 | Build | House |
| 25:34 | Build | House |
| 25:34 | Build | House |
| 25:34 | Build | House |
| 25:35 | Build | House |
| 25:35 | Build | House |
| 25:35 | Build | House |
| 25:35 | Build | House |
| 25:36 | Build | House |
| 25:44 | Create | Villager (Male) |
| 25:44 | Create | Villager (Male) |
| 25:45 | Create | Villager (Male) |
| 25:45 | Create | Villager (Male) |
| 25:59 | Create | Villager (Male) |
| 25:59 | Create | Villager (Male) |
| 25:59 | Create | Villager (Male) |
| 26:00 | Age | Imperial Age |
| 26:08 | Build | Farm |
| 26:23 | Create | Villager (Male) |
| 26:23 | Create | Villager (Male) |
| 26:23 | Create | Villager (Male) |
| 26:51 | Create | Villager (Male) |
| 27:04 | Create | Villager (Male) |
| 27:15 | Research | Treadmill Crane |
| 27:30 | Create | Villager (Male) |
| 27:47 | Research | Masonry |
| 27:50 | Create | Villager (Male) |
| 27:52 | Create | Villager (Male) |
| 27:56 | Create | Villager (Male) |
| 27:56 | Create | Villager (Male) |
| 27:57 | Create | Villager (Male) |
| 27:59 | Create | Villager (Male) |
| 28:04 | Build | Farm |
| 28:05 | Build | Farm |
| 28:05 | Build | Farm |
| 28:05 | Build | Farm |
| 28:05 | Build | Farm |
| 28:06 | Build | Farm |
| 28:06 | Build | Farm |
| 28:06 | Build | Farm |
| 28:07 | Build | Farm |
Build order — lybbijanika
First 150 of 751 actions detected
| 0:03 | Build | House |
| 0:06 | Build | House |
| 0:09 | Create | Villager (Male) |
| 0:10 | Create | Villager (Male) |
| 0:10 | Create | Villager (Male) |
| 0:10 | Create | Villager (Male) |
| 0:10 | Create | Villager (Male) |
| 1:43 | Create | Villager (Male) |
| 1:54 | Build | Lumber Camp |
| 2:11 | Create | Villager (Male) |
| 2:28 | Create | Villager (Male) |
| 2:54 | Create | Villager (Male) |
| 2:54 | Create | Villager (Male) |
| 3:22 | Create | Villager (Male) |
| 3:48 | Build | Mill |
| 3:50 | Create | Villager (Male) |
| 4:00 | Create | Villager (Male) |
| 4:33 | Create | Villager (Male) |
| 4:52 | Build | House |
| 4:59 | Create | Villager (Male) |
| 5:00 | Create | Villager (Male) |
| 5:15 | Build | House |
| 5:29 | Create | Villager (Male) |
| 6:05 | Create | Villager (Male) |
| 6:20 | Create | Villager (Male) |
| 6:29 | Build | House |
| 6:55 | Create | Villager (Male) |
| 7:18 | Create | Villager (Male) |
| 7:25 | Build | Mining Camp |
| 7:56 | Create | Villager (Male) |
| 8:07 | Create | Villager (Male) |
| 8:13 | Build | Lumber Camp |
| 8:14 | Create | Villager (Male) |
| 8:37 | Create | Villager (Male) |
| 8:47 | Build | Farm |
| 8:50 | Build | Farm |
| 8:59 | Create | Villager (Male) |
| 9:15 | Build | Farm |
| 9:40 | Build | Farm |
| 9:58 | Research | Feudal Age |
| 9:59 | Research | Loom |
| 10:06 | Build | Farm |
| 10:19 | Build | House |
| 10:29 | Create | Villager (Male) |
| 10:30 | Create | Villager (Male) |
| 10:30 | Create | Villager (Male) |
| 10:30 | Create | Villager (Male) |
| 10:31 | Create | Villager (Male) |
| 10:31 | Create | Villager (Male) |
| 10:32 | Create | Villager (Male) |
| 10:44 | Build | Farm |
| 10:49 | Build | Farm |
| 10:54 | Build | Farm |
| 11:23 | Build | Farm |
| 12:21 | Age | Feudal Age |
| 12:32 | Build | Blacksmith |
| 12:42 | Research | Double-Bit Axe |
| 12:45 | Research | Stone Mining |
| 12:45 | Research | Gold Mining |
| 13:07 | Build | Farm |
| 13:11 | Build | Farm |
| 13:14 | Research | Scale Barding Armor |
| 13:33 | Research | Horse Collar |
| 14:09 | Build | Farm |
| 14:13 | Build | Farm |
| 14:23 | Create | Villager (Male) |
| 14:51 | Build | Mining Camp |
| 15:00 | Build | Farm |
| 15:14 | Research | Castle Age |
| 15:21 | Build | Farm |
| 15:28 | Build | Farm |
| 15:30 | Build | Farm |
| 15:44 | Build | House |
| 15:46 | Build | House |
| 15:47 | Build | House |
| 16:34 | Create | Villager (Male) |
| 16:35 | Create | Villager (Male) |
| 16:35 | Create | Villager (Male) |
| 16:36 | Create | Villager (Male) |
| 16:36 | Create | Villager (Male) |
| 16:37 | Create | Villager (Male) |
| 16:47 | Research | Gold Mining |
| 18:21 | Age | Castle Age |
| 18:27 | Build | Town Center |
| 18:41 | Build | Town Center |
| 18:59 | Research | Forging |
| 19:00 | Research | Chain Barding Armor |
| 19:30 | Research | Wheelbarrow |
| 19:34 | Research | Gold Shaft Mining |
| 19:51 | Create | Villager (Male) |
| 19:52 | Create | Villager (Male) |
| 20:27 | Create | Villager (Male) |
| 20:27 | Create | Villager (Male) |
| 20:28 | Create | Villager (Male) |
| 20:28 | Create | Villager (Male) |
| 20:29 | Create | Villager (Male) |
| 20:42 | Create | Villager (Male) |
| 20:42 | Create | Villager (Male) |
| 20:42 | Create | Villager (Male) |
| 20:43 | Create | Villager (Male) |
| 20:43 | Create | Villager (Male) |
| 20:43 | Create | Villager (Male) |
| 20:44 | Create | Villager (Male) |
| 20:44 | Create | Villager (Male) |
| 21:07 | Build | Stable |
| 21:12 | Create | Villager (Male) |
| 21:17 | Create | Villager (Male) |
| 21:17 | Create | Villager (Male) |
| 21:18 | Create | Villager (Male) |
| 21:22 | Create | Villager (Male) |
| 21:43 | Create | Villager (Male) |
| 21:43 | Create | Villager (Male) |
| 22:01 | Build | Stable |
| 22:29 | Build | House |
| 22:31 | Build | House |
| 22:32 | Build | House |
| 22:33 | Build | House |
| 22:33 | Build | House |
| 22:34 | Build | House |
| 22:34 | Build | House |
| 22:35 | Build | House |
| 22:35 | Build | House |
| 22:36 | Build | House |
| 22:37 | Build | House |
| 22:39 | Build | House |
| 22:39 | Build | House |
| 22:40 | Build | House |
| 22:42 | Build | House |
| 22:43 | Build | House |
| 22:43 | Build | House |
| 22:45 | Build | House |
| 23:01 | Build | Farm |
| 23:06 | Build | Farm |
| 23:11 | Create | Villager (Male) |
| 23:11 | Create | Villager (Male) |
| 23:12 | Create | Villager (Male) |
| 23:17 | Create | Villager (Male) |
| 23:19 | Create | Villager (Male) |
| 23:20 | Create | Villager (Male) |
| 23:24 | Research | Husbandry |
| 23:25 | Research | Bloodlines |
| 23:35 | Build | Farm |
| 23:37 | Research | Bow Saw |
| 23:52 | Create | Battle Elephant |
| 23:59 | Build | Farm |
| 24:06 | Create | Villager (Male) |
| 24:12 | Create | Villager (Male) |
| 24:13 | Create | Villager (Male) |
| 24:13 | Create | Villager (Male) |
| 24:13 | Create | Villager (Male) |
Build order — Deryuro
First 150 of 553 actions detected
| 0:05 | Create | Villager (Male) |
| 0:05 | Create | Villager (Male) |
| 0:06 | Create | Villager (Male) |
| 0:06 | Create | Villager (Male) |
| 0:06 | Create | Villager (Male) |
| 0:10 | Build | House |
| 0:21 | Build | House |
| 0:24 | Build | House |
| 1:42 | Create | Villager (Male) |
| 2:00 | Build | House |
| 2:18 | Create | Villager (Male) |
| 2:34 | Create | Villager (Male) |
| 3:04 | Create | Villager (Male) |
| 3:11 | Build | Lumber Camp |
| 3:24 | Create | Villager (Male) |
| 3:26 | Research | Loom |
| 3:52 | Create | Villager (Male) |
| 4:19 | Create | Villager (Male) |
| 5:07 | Create | Villager (Male) |
| 5:08 | Create | Villager (Male) |
| 5:13 | Build | Mill |
| 5:46 | Create | Villager (Male) |
| 5:46 | Create | Villager (Male) |
| 6:19 | Create | Villager (Male) |
| 6:51 | Create | Villager (Male) |
| 7:07 | Build | Lumber Camp |
| 7:11 | Create | Villager (Male) |
| 7:31 | Create | Villager (Male) |
| 7:54 | Create | Villager (Male) |
| 8:31 | Build | House |
| 8:36 | Create | Villager (Male) |
| 8:47 | Create | Villager (Male) |
| 9:03 | Build | House |
| 9:29 | Create | Villager (Male) |
| 9:47 | Build | Barracks |
| 9:59 | Create | Villager (Male) |
| 10:20 | Create | Villager (Male) |
| 10:50 | Create | Villager (Male) |
| 11:21 | Research | Feudal Age |
| 11:32 | Build | Mining Camp |
| 11:47 | Build | Farm |
| 12:06 | Build | Mining Camp |
| 12:50 | Create | Villager (Male) |
| 12:50 | Create | Villager (Male) |
| 12:51 | Create | Villager (Male) |
| 13:25 | Build | House |
| 13:26 | Build | House |
| 13:39 | Age | Feudal Age |
| 13:55 | Build | Market |
| 14:05 | Research | Horse Collar |
| 14:08 | Research | Double-Bit Axe |
| 14:14 | Build | Farm |
| 14:44 | Create | Villager (Male) |
| 14:51 | Build | House |
| 14:53 | Build | House |
| 15:12 | Create | Villager (Male) |
| 15:17 | Build | Farm |
| 15:20 | Build | Farm |
| 15:23 | Build | Farm |
| 15:33 | Create | Villager (Male) |
| 15:42 | Build | Archery Range |
| 16:06 | Create | Villager (Male) |
| 16:17 | Build | Lumber Camp |
| 16:24 | Build | Farm |
| 16:33 | Build | Farm |
| 16:37 | Create | Villager (Male) |
| 16:43 | Build | Farm |
| 16:52 | Build | Farm |
| 16:54 | Build | Farm |
| 16:57 | Create | Villager (Male) |
| 17:11 | Build | Farm |
| 17:15 | Create | Villager (Male) |
| 17:25 | Build | Archery Range |
| 17:32 | Build | Farm |
| 17:37 | Build | Farm |
| 17:51 | Create | Villager (Male) |
| 18:01 | Build | Farm |
| 18:06 | Create | Villager (Male) |
| 18:30 | Create | Villager (Male) |
| 18:36 | Build | Farm |
| 18:48 | Build | House |
| 18:49 | Build | House |
| 19:02 | Create | Villager (Male) |
| 19:21 | Research | Castle Age |
| 20:03 | Build | Blacksmith |
| 20:30 | Research | Gold Mining |
| 20:33 | Research | Stone Mining |
| 20:57 | Research | Arson |
| 21:08 | Build | House |
| 21:15 | Build | House |
| 21:18 | Research | Fletching |
| 21:19 | Research | Padded Archer Armor |
| 21:24 | Research | Scale Mail Armor |
| 21:33 | Create | Villager (Male) |
| 21:33 | Create | Villager (Male) |
| 21:54 | Create | Villager (Male) |
| 22:09 | Create | Spearman |
| 22:10 | Create | Spearman |
| 22:12 | Age | Castle Age |
| 22:20 | Build | Castle |
| 22:34 | Research | Pikeman (upgrade) |
| 22:56 | Create | Villager (Male) |
| 23:06 | Build | Farm |
| 23:11 | Build | Town Center |
| 23:46 | Create | Villager (Male) |
| 23:58 | Create | Villager (Male) |
| 24:01 | Create | Villager (Male) |
| 24:02 | Create | Villager (Male) |
| 24:07 | Build | Farm |
| 24:14 | Build | Farm |
| 24:19 | Build | Farm |
| 24:26 | Build | Farm |
| 24:33 | Build | Farm |
| 24:37 | Create | Villager (Male) |
| 24:38 | Create | Villager (Male) |
| 24:38 | Create | Villager (Male) |
| 24:38 | Create | Villager (Male) |
| 24:47 | Build | Farm |
| 24:57 | Build | Town Center |
| 25:04 | Create | Villager (Male) |
| 25:04 | Create | Villager (Male) |
| 25:13 | Build | Mining Camp |
| 25:17 | Research | Elite Skirmisher (upgrade) |
| 25:21 | Research | Thumb Ring |
| 25:39 | Research | Forging |
| 25:53 | Create | Skirmisher |
| 25:53 | Create | Skirmisher |
| 25:57 | Create | Skirmisher |
| 25:57 | Create | Skirmisher |
| 26:01 | Create | Spearman |
| 26:01 | Create | Spearman |
| 26:05 | Create | Spearman |
| 26:16 | Create | Villager (Male) |
| 26:16 | Create | Villager (Male) |
| 26:23 | Create | Villager (Male) |
| 26:23 | Create | Villager (Male) |
| 26:35 | Build | Farm |
| 26:38 | Create | Villager (Male) |
| 26:39 | Create | Villager (Male) |
| 26:50 | Build | Town Center |
| 26:56 | Create | Villager (Male) |
| 26:58 | Create | Villager (Male) |
| 27:12 | Build | Farm |
| 27:15 | Create | Villager (Male) |
| 27:20 | Create | Skirmisher |
| 27:20 | Create | Skirmisher |
| 27:22 | Create | Skirmisher |
| 27:23 | Create | Skirmisher |
| 27:26 | Research | Squires |
| 27:27 | Create | Spearman |
Build order — Анольный Картель 7kmmr
First 150 of 993 actions detected
| 0:03 | Create | Villager (Male) |
| 0:03 | Create | Villager (Male) |
| 0:03 | Create | Villager (Male) |
| 0:04 | Create | Villager (Male) |
| 0:04 | Create | Villager (Male) |
| 0:06 | Build | House |
| 0:08 | Build | House |
| 1:27 | Create | Villager (Male) |
| 2:03 | Create | Villager (Male) |
| 2:03 | Create | Villager (Male) |
| 2:25 | Create | Villager (Male) |
| 2:54 | Create | Villager (Male) |
| 2:55 | Create | Villager (Male) |
| 3:20 | Build | House |
| 3:22 | Build | House |
| 3:31 | Create | Villager (Male) |
| 3:32 | Create | Villager (Male) |
| 4:13 | Create | Villager (Male) |
| 4:19 | Create | Villager (Male) |
| 4:33 | Build | Lumber Camp |
| 4:41 | Build | House |
| 4:47 | Create | Villager (Male) |
| 5:26 | Create | Villager (Male) |
| 5:46 | Create | Villager (Male) |
| 5:46 | Create | Villager (Male) |
| 6:05 | Create | Villager (Male) |
| 6:32 | Build | Mill |
| 7:03 | Build | Mill |
| 7:33 | Create | Villager (Male) |
| 7:57 | Create | Villager (Male) |
| 8:29 | Research | Feudal Age |
| 8:42 | Build | House |
| 8:43 | Build | House |
| 9:00 | Create | Villager (Male) |
| 9:12 | Create | Villager (Male) |
| 9:57 | Create | Villager (Male) |
| 10:28 | Create | Villager (Male) |
| 10:39 | Age | Feudal Age |
| 10:42 | Research | Double-Bit Axe |
| 11:00 | Create | Villager (Male) |
| 11:35 | Create | Villager (Male) |
| 11:52 | Build | Blacksmith |
| 11:55 | Create | Villager (Male) |
| 12:01 | Build | Market |
| 12:29 | Build | Farm |
| 12:48 | Build | Lumber Camp |
| 13:03 | Build | Mining Camp |
| 13:27 | Research | Castle Age |
| 13:56 | Research | Horse Collar |
| 14:02 | Research | Stone Mining |
| 14:43 | Build | Lumber Camp |
| 15:19 | Create | Villager (Male) |
| 15:44 | Create | Villager (Male) |
| 16:07 | Age | Castle Age |
| 16:08 | Research | Bow Saw |
| 16:20 | Build | Town Center |
| 16:33 | Create | Villager (Male) |
| 16:48 | Build | Town Center |
| 17:10 | Build | Town Center |
| 17:32 | Build | Farm |
| 17:33 | Build | Farm |
| 17:33 | Build | Farm |
| 17:33 | Build | Farm |
| 17:41 | Create | Villager (Male) |
| 18:12 | Build | Farm |
| 18:12 | Build | Farm |
| 18:12 | Build | Farm |
| 18:35 | Build | Farm |
| 18:35 | Build | Farm |
| 18:35 | Build | Farm |
| 18:39 | Build | Farm |
| 18:43 | Create | Villager (Male) |
| 18:59 | Build | Farm |
| 19:00 | Build | Farm |
| 19:05 | Build | Farm |
| 19:06 | Build | Farm |
| 19:15 | Create | Villager (Male) |
| 19:15 | Create | Villager (Male) |
| 19:32 | Build | Farm |
| 19:33 | Build | Farm |
| 19:33 | Build | Farm |
| 19:35 | Build | Farm |
| 19:36 | Create | Villager (Male) |
| 19:42 | Create | Villager (Male) |
| 19:50 | Create | Villager (Male) |
| 20:04 | Create | Villager (Male) |
| 20:04 | Create | Villager (Male) |
| 20:12 | Build | Farm |
| 20:12 | Build | Farm |
| 20:12 | Build | Farm |
| 20:14 | Create | Villager (Male) |
| 20:14 | Create | Villager (Male) |
| 20:26 | Create | Villager (Male) |
| 20:31 | Create | Villager (Male) |
| 20:31 | Create | Villager (Male) |
| 20:35 | Create | Villager (Male) |
| 20:35 | Create | Villager (Male) |
| 20:47 | Create | Villager (Male) |
| 20:55 | Create | Villager (Male) |
| 20:55 | Create | Villager (Male) |
| 21:02 | Build | Farm |
| 21:04 | Create | Villager (Male) |
| 21:04 | Create | Villager (Male) |
| 21:15 | Create | Villager (Male) |
| 21:22 | Build | Farm |
| 21:23 | Build | Farm |
| 21:25 | Build | Farm |
| 21:29 | Build | Farm |
| 21:35 | Create | Villager (Male) |
| 21:35 | Create | Villager (Male) |
| 21:36 | Create | Villager (Male) |
| 21:36 | Create | Villager (Male) |
| 21:37 | Create | Villager (Male) |
| 21:49 | Create | Villager (Male) |
| 21:50 | Create | Villager (Male) |
| 21:57 | Create | Villager (Male) |
| 22:04 | Create | Villager (Male) |
| 22:15 | Build | House |
| 22:15 | Build | House |
| 22:15 | Build | House |
| 22:18 | Build | House |
| 22:21 | Create | Villager (Male) |
| 22:21 | Create | Villager (Male) |
| 22:21 | Create | Villager (Male) |
| 22:22 | Create | Villager (Male) |
| 22:42 | Build | Mill |
| 22:45 | Create | Villager (Male) |
| 22:45 | Create | Villager (Male) |
| 22:45 | Create | Villager (Male) |
| 22:46 | Create | Villager (Male) |
| 22:47 | Create | Villager (Male) |
| 22:54 | Build | Farm |
| 22:55 | Build | Farm |
| 22:59 | Build | Farm |
| 23:00 | Create | Villager (Male) |
| 23:01 | Create | Villager (Male) |
| 23:01 | Create | Villager (Male) |
| 23:04 | Build | Farm |
| 23:05 | Build | Farm |
| 23:07 | Create | Villager (Male) |
| 23:15 | Create | Villager (Male) |
| 23:16 | Create | Villager (Male) |
| 23:16 | Create | Villager (Male) |
| 23:24 | Create | Villager (Male) |
| 23:24 | Create | Villager (Male) |
| 23:24 | Create | Villager (Male) |
| 23:33 | Build | Farm |
| 23:33 | Build | Farm |
| 23:34 | Build | Farm |
| 23:58 | Create | Villager (Male) |
Build order — nextneko
First 150 of 423 actions detected
| 0:02 | Build | House |
| 0:04 | Build | House |
| 0:10 | Create | Villager (Male) |
| 0:11 | Create | Villager (Male) |
| 0:11 | Create | Villager (Male) |
| 0:11 | Create | Villager (Male) |
| 1:35 | Create | Villager (Male) |
| 1:35 | Create | Villager (Male) |
| 1:56 | Build | Lumber Camp |
| 2:18 | Create | Villager (Male) |
| 2:19 | Create | Villager (Male) |
| 2:31 | Create | Villager (Male) |
| 2:31 | Create | Villager (Male) |
| 3:04 | Create | Villager (Male) |
| 3:04 | Create | Villager (Male) |
| 3:21 | Create | Villager (Male) |
| 3:21 | Create | Villager (Male) |
| 3:47 | Build | Mill |
| 3:59 | Create | Villager (Male) |
| 4:00 | Create | Villager (Male) |
| 4:04 | Build | House |
| 5:00 | Create | Villager (Male) |
| 5:36 | Create | Villager (Male) |
| 5:36 | Create | Villager (Male) |
| 6:10 | Create | Villager (Male) |
| 6:10 | Create | Villager (Male) |
| 6:10 | Create | Villager (Male) |
| 6:32 | Create | Villager (Male) |
| 7:22 | Build | House |
| 7:28 | Research | Loom |
| 8:11 | Create | Villager (Male) |
| 8:43 | Research | Feudal Age |
| 8:46 | Create | Villager (Male) |
| 8:54 | Build | Mining Camp |
| 9:03 | Build | House |
| 9:29 | Create | Villager (Male) ×3 |
| 10:53 | Age | Feudal Age |
| 11:00 | Research | Horse Collar |
| 11:04 | Research | Double-Bit Axe |
| 11:08 | Create | Villager (Male) |
| 11:22 | Build | Farm |
| 11:23 | Build | Farm |
| 11:23 | Build | Farm |
| 12:13 | Build | Farm |
| 12:17 | Create | Villager (Male) |
| 12:36 | Build | Farm |
| 12:39 | Create | Villager (Male) |
| 12:51 | Create | Villager (Male) |
| 12:51 | Create | Villager (Male) |
| 13:03 | Build | Farm |
| 13:19 | Build | House |
| 13:22 | Build | House |
| 13:32 | Build | Farm |
| 14:00 | Build | Farm |
| 14:06 | Build | Farm |
| 14:06 | Build | Farm |
| 14:06 | Build | Farm |
| 14:07 | Build | Farm |
| 14:07 | Build | Farm |
| 14:07 | Build | Farm |
| 14:07 | Build | Farm |
| 14:20 | Create | Villager (Male) |
| 14:46 | Create | Villager (Male) |
| 14:51 | Build | Farm |
| 15:15 | Build | House |
| 15:39 | Create | Villager (Male) |
| 15:43 | Research | Castle Age |
| 15:53 | Build | Mining Camp |
| 17:01 | Build | Stable |
| 17:18 | Build | Market |
| 18:35 | Build | House |
| 18:40 | Research | Bloodlines |
| 18:44 | Age | Castle Age |
| 18:47 | Research | Husbandry |
| 18:54 | Research | Light Cavalry (upgrade) |
| 18:55 | Create | Scout Cavalry ×5 |
| 19:19 | Create | Villager (Male) |
| 19:19 | Create | Villager (Male) |
| 19:19 | Create | Villager (Male) |
| 19:29 | Research | Heavy Plow |
| 19:33 | Research | Bow Saw |
| 19:57 | Create | Villager (Male) |
| 19:57 | Create | Villager (Male) |
| 20:24 | Create | Villager (Male) |
| 20:33 | Create | Scout Cavalry ×4 |
| 21:06 | Build | Castle |
| 21:22 | Create | Villager (Male) |
| 21:22 | Create | Villager (Male) |
| 21:43 | Create | Villager (Male) |
| 21:43 | Create | Villager (Male) |
| 21:57 | Build | Blacksmith |
| 22:45 | Build | Town Center |
| 22:57 | Create | Villager (Male) |
| 23:05 | Research | Fletching |
| 23:26 | Create | Villager (Male) |
| 23:37 | Create | Villager (Male) |
| 23:38 | Create | Villager (Male) |
| 23:39 | Create | Villager (Male) |
| 23:39 | Create | Villager (Male) |
| 23:39 | Create | Villager (Male) |
| 23:40 | Create | Villager (Male) |
| 23:49 | Create | Villager (Male) |
| 23:50 | Create | Villager (Male) |
| 23:50 | Create | Villager (Male) |
| 23:51 | Research | Wheelbarrow |
| 23:52 | Research | Town Watch |
| 23:53 | Create | Villager (Male) |
| 24:17 | Build | Town Center |
| 24:24 | Research | Gold Mining |
| 24:24 | Research | Stone Mining |
| 24:46 | Build | Mining Camp |
| 24:55 | Create | Villager (Male) ×5 |
| 25:20 | Research | Forging |
| 25:22 | Research | Padded Archer Armor |
| 25:25 | Research | Scale Barding Armor |
| 25:35 | Build | Farm |
| 25:35 | Build | Farm |
| 25:35 | Build | Farm |
| 25:35 | Build | Farm |
| 25:59 | Create | Ballista Elephant |
| 26:16 | Create | Villager (Male) ×3 |
| 26:19 | Build | Farm |
| 26:20 | Build | Farm |
| 26:50 | Build | Farm |
| 26:50 | Build | Farm |
| 26:51 | Build | Farm |
| 26:55 | Build | Farm |
| 27:06 | Build | Lumber Camp |
| 27:12 | Research | Gold Shaft Mining |
| 27:12 | Research | Stone Shaft Mining |
| 27:25 | Create | Villager (Male) |
| 27:40 | Build | Farm |
| 27:47 | Build | Farm |
| 27:55 | Research | Bodkin Arrow |
| 28:03 | Build | Farm |
| 28:03 | Build | Farm |
| 28:03 | Build | Farm |
| 28:07 | Build | Farm |
| 28:37 | Build | Monastery |
| 28:48 | Create | Villager (Male) |
| 28:48 | Create | Villager (Male) |
| 28:49 | Create | Villager (Male) |
| 28:49 | Create | Villager (Male) |
| 28:52 | Create | Villager (Male) |
| 28:52 | Create | Villager (Male) |
| 29:18 | Build | House |
| 29:19 | Build | House |
| 30:06 | Create | Villager (Male) |
| 30:06 | Create | Villager (Male) |
| 30:06 | Create | Villager (Male) |
Build order — mrwiseguy1
First 150 of 208 actions detected
| 0:11 | Build | Mill |
| 0:16 | Build | House |
| 0:18 | Build | House |
| 0:22 | Build | House |
| 0:25 | Build | House |
| 0:29 | Build | House |
| 0:45 | Create | Villager (Male) |
| 0:46 | Create | Villager (Male) |
| 0:47 | Create | Villager (Male) |
| 0:53 | Create | Villager (Male) |
| 5:11 | Build | Barracks |
| 6:29 | Build | Mining Camp |
| 9:46 | Research | Feudal Age |
| 10:23 | Build | Farm |
| 10:27 | Build | Farm |
| 10:30 | Build | Farm |
| 11:33 | Create | Villager (Male) ×2 |
| 12:23 | Build | Farm |
| 14:10 | Build | Lumber Camp |
| 14:22 | Create | Villager (Male) |
| 14:23 | Create | Villager (Male) |
| 14:23 | Create | Villager (Male) |
| 15:19 | Build | Farm |
| 16:00 | Research | Double-Bit Axe |
| 16:15 | Create | Villager (Male) |
| 16:54 | Build | Farm |
| 16:58 | Build | Farm |
| 17:03 | Build | Farm |
| 17:07 | Build | Farm |
| 17:14 | Create | Villager (Male) |
| 17:50 | Create | Villager (Male) |
| 18:40 | Build | Farm |
| 18:44 | Build | Farm |
| 18:46 | Build | Farm |
| 18:48 | Build | Farm |
| 18:53 | Create | Villager (Male) |
| 18:54 | Create | Villager (Male) |
| 18:55 | Create | Villager (Male) |
| 20:23 | Build | Farm |
| 20:31 | Create | Villager (Male) |
| 21:10 | Build | Market |
| 21:20 | Build | Farm |
| 21:35 | Create | Villager (Male) |
| 21:59 | Build | House |
| 22:00 | Build | House |
| 22:01 | Build | House |
| 22:01 | Build | House |
| 22:01 | Build | House |
| 22:01 | Build | House |
| 22:02 | Build | House |
| 22:03 | Build | House |
| 22:03 | Build | House |
| 23:07 | Research | Horse Collar |
| 24:04 | Build | Farm |
| 24:09 | Build | Farm |
| 24:11 | Build | Farm |
| 24:14 | Build | Farm |
| 25:23 | Build | Blacksmith |
| 25:53 | Research | Castle Age |
| 25:58 | Research | Town Watch |
| 27:32 | Create | Villager (Male) ×5 |
| 27:47 | Build | Farm |
| 28:03 | Research | Fletching |
| 28:56 | Build | Monastery |
| 29:33 | Build | Farm |
| 29:45 | Build | University |
| 29:49 | Create | Monk |
| 29:50 | Create | Monk |
| 29:52 | Create | Monk |
| 29:53 | Create | Monk |
| 30:11 | Create | Villager (Male) |
| 30:12 | Create | Villager (Male) |
| 30:18 | Build | Farm |
| 30:39 | Create | Villager (Male) |
| 31:16 | Build | Lumber Camp |
| 31:49 | Create | Villager (Male) |
| 31:50 | Create | Villager (Male) |
| 31:50 | Create | Villager (Male) |
| 31:50 | Create | Villager (Male) |
| 31:51 | Create | Villager (Male) |
| 34:24 | Research | Gold Mining |
| 34:25 | Research | Stone Mining |
| 35:20 | Build | Mining Camp |
| 35:32 | Create | Villager (Male) ×5 |
| 36:36 | Research | Bow Saw |
| 36:41 | Research | Scale Barding Armor |
| 36:42 | Research | Forging |
| 36:43 | Research | Scale Mail Armor |
| 36:45 | Research | Padded Archer Armor |
| 36:46 | Research | Bodkin Arrow |
| 36:51 | Research | Tech 908 |
| 36:52 | Research | Murder Holes |
| 37:01 | Research | Guard Tower (upgrade) |
| 37:03 | Research | Masonry |
| 37:06 | Research | Ballistics |
| 38:16 | Research | Wheelbarrow |
| 38:45 | Research | Caravan |
| 38:48 | Create | Trade Cart ×5 |
| 39:34 | Research | Heavy Plow |
| 39:44 | Create | Villager (Male) |
| 39:45 | Create | Villager (Male) |
| 39:46 | Create | Villager (Male) |
| 40:17 | Research | Gold Shaft Mining |
| 40:54 | Build | Mill |
| 41:04 | Build | Farm |
| 41:06 | Build | Farm |
| 41:07 | Build | Farm |
| 41:09 | Build | Farm |
| 41:11 | Build | Farm |
| 41:13 | Build | Farm |
| 41:15 | Build | Farm |
| 42:39 | Research | Leather Archer Armor |
| 43:06 | Research | Fortified Wall (upgrade) |
| 43:08 | Research | Tech 909 |
| 43:17 | Build | Farm |
| 43:18 | Build | Farm |
| 43:39 | Build | Farm |
| 44:15 | Build | Castle |
| 45:05 | Build | Siege Workshop |
| 45:09 | Build | Siege Workshop |
| 45:19 | Research | Hand Cart |
| 45:23 | Create | Villager (Male) |
| 45:23 | Create | Villager (Male) |
| 45:24 | Create | Villager (Male) |
| 45:25 | Create | Villager (Male) |
| 45:25 | Create | Villager (Male) |
| 45:26 | Create | Villager (Male) |
| 45:28 | Create | Villager (Male) |
| 45:30 | Research | Hand Cart |
| 45:54 | Build | Archery Range |
| 45:56 | Build | Archery Range |
| 45:58 | Build | Archery Range |
| 45:59 | Build | Archery Range |
| 46:30 | Create | Scorpion |
| 46:32 | Create | Scorpion |
| 47:08 | Research | Thumb Ring |
| 47:21 | Create | Villager (Male) |
| 47:21 | Create | Villager (Male) |
| 47:22 | Create | Villager (Male) |
| 47:22 | Create | Villager (Male) |
| 47:22 | Create | Villager (Male) |
| 47:27 | Create | Villager (Male) |
| 47:50 | Create | Cavalry Archer ×5 |
| 47:51 | Create | Cavalry Archer ×5 |
| 47:52 | Create | Cavalry Archer ×2 |
| 48:27 | Build | Town Center |
| 48:45 | Build | House |
| 48:45 | Build | House |
| 48:47 | Build | House |
| 50:23 | Build | Stable |
Build order — ksffvbh
First 150 of 605 actions detected
| 0:04 | Research | Loom |
| 0:19 | Build | House |
| 0:20 | Build | House |
| 0:21 | Build | House |
| 0:27 | Create | Villager (Male) |
| 0:27 | Create | Villager (Male) |
| 0:27 | Create | Villager (Male) |
| 0:28 | Create | Villager (Male) |
| 0:28 | Create | Villager (Male) |
| 1:35 | Create | Villager (Male) |
| 1:36 | Create | Villager (Male) |
| 2:17 | Build | House |
| 2:19 | Build | House |
| 2:21 | Build | House |
| 2:22 | Build | House |
| 2:23 | Build | House |
| 2:30 | Create | Villager (Male) |
| 2:30 | Create | Villager (Male) |
| 2:55 | Create | Villager (Male) |
| 2:56 | Create | Villager (Male) |
| 3:20 | Create | Villager (Male) |
| 3:21 | Create | Villager (Male) |
| 3:31 | Create | Villager (Male) |
| 3:31 | Create | Villager (Male) |
| 4:13 | Create | Villager (Male) |
| 4:13 | Create | Villager (Male) |
| 4:49 | Create | Villager (Male) |
| 4:49 | Create | Villager (Male) |
| 4:49 | Create | Villager (Male) |
| 5:28 | Build | Mill |
| 5:31 | Create | Villager (Male) |
| 5:31 | Create | Villager (Male) |
| 5:49 | Create | Villager (Male) |
| 5:50 | Create | Villager (Male) |
| 6:13 | Create | Villager (Male) |
| 6:13 | Create | Villager (Male) |
| 6:22 | Create | Villager (Male) |
| 6:23 | Create | Villager (Male) |
| 7:00 | Create | Villager (Male) |
| 7:00 | Create | Villager (Male) |
| 7:00 | Create | Villager (Male) |
| 7:38 | Build | Lumber Camp |
| 7:39 | Create | Villager (Male) |
| 7:39 | Create | Villager (Male) |
| 7:48 | Create | Villager (Male) |
| 7:49 | Create | Villager (Male) |
| 8:24 | Create | Villager (Male) |
| 8:24 | Create | Villager (Male) |
| 9:05 | Create | Villager (Male) |
| 9:05 | Create | Villager (Male) |
| 9:06 | Create | Villager (Male) |
| 9:06 | Create | Villager (Male) |
| 9:06 | Create | Villager (Male) |
| 9:07 | Create | Villager (Male) |
| 9:35 | Create | Villager (Male) |
| 9:35 | Create | Villager (Male) |
| 9:35 | Create | Villager (Male) |
| 10:01 | Build | Lumber Camp |
| 10:04 | Create | Villager (Male) |
| 10:04 | Create | Villager (Male) |
| 11:00 | Create | Villager (Male) |
| 11:00 | Create | Villager (Male) |
| 11:01 | Create | Villager (Male) |
| 11:13 | Build | Barracks |
| 11:18 | Build | Farm |
| 11:33 | Build | Farm |
| 11:35 | Build | Farm |
| 11:39 | Build | Farm |
| 11:42 | Build | Farm |
| 11:45 | Build | Farm |
| 11:57 | Build | Mining Camp |
| 12:03 | Create | Villager (Male) |
| 12:04 | Create | Villager (Male) |
| 12:04 | Create | Villager (Male) |
| 12:19 | Build | Mining Camp |
| 12:30 | Build | House |
| 12:31 | Build | House |
| 12:32 | Build | House |
| 13:36 | Build | Mill |
| 13:48 | Build | Mill |
| 13:59 | Build | House |
| 14:00 | Build | House |
| 14:02 | Build | House |
| 14:23 | Build | Farm |
| 14:24 | Build | Farm |
| 14:26 | Build | Farm |
| 14:33 | Build | Farm |
| 14:51 | Research | Feudal Age |
| 15:27 | Build | House |
| 15:29 | Build | House |
| 16:24 | Build | Lumber Camp |
| 16:46 | Build | House |
| 17:06 | Age | Feudal Age |
| 17:06 | Research | Wheelbarrow |
| 17:07 | Research | Wheelbarrow |
| 17:10 | Research | Horse Collar |
| 17:19 | Build | Blacksmith |
| 17:23 | Build | Stable |
| 17:30 | Build | Farm |
| 17:33 | Build | Farm |
| 17:36 | Build | Farm |
| 17:39 | Build | Farm |
| 17:45 | Research | Stone Mining |
| 17:48 | Research | Gold Mining |
| 17:51 | Research | Double-Bit Axe |
| 18:26 | Create | Villager (Male) |
| 18:37 | Research | Castle Age |
| 18:58 | Build | House |
| 19:00 | Build | House |
| 19:01 | Build | House |
| 19:07 | Build | Farm |
| 20:05 | Build | House |
| 20:06 | Build | House |
| 20:08 | Build | House |
| 21:31 | Age | Castle Age |
| 21:42 | Research | Hand Cart |
| 21:46 | Research | Heavy Plow |
| 21:49 | Research | Stone Shaft Mining |
| 21:52 | Research | Bow Saw |
| 22:03 | Build | Town Center |
| 22:15 | Build | Town Center |
| 22:24 | Create | Villager (Male) |
| 22:24 | Create | Villager (Male) |
| 22:25 | Create | Villager (Male) |
| 22:25 | Create | Villager (Male) |
| 22:54 | Build | Lumber Camp |
| 23:05 | Build | Farm |
| 23:15 | Create | Villager (Male) |
| 23:16 | Create | Villager (Male) |
| 23:16 | Create | Villager (Male) |
| 23:33 | Build | Mill |
| 24:02 | Create | Villager (Male) |
| 24:02 | Create | Villager (Male) |
| 24:02 | Create | Villager (Male) |
| 24:02 | Create | Villager (Male) |
| 24:12 | Create | Villager (Male) |
| 24:13 | Create | Villager (Male) |
| 24:13 | Create | Villager (Male) |
| 24:13 | Create | Villager (Male) |
| 24:23 | Build | Town Center |
| 24:28 | Create | Villager (Male) |
| 24:29 | Create | Villager (Male) |
| 24:29 | Create | Villager (Male) |
| 24:41 | Build | Castle |
| 24:45 | Create | Villager (Male) |
| 24:46 | Create | Villager (Male) |
| 24:46 | Create | Villager (Male) |
| 24:53 | Build | Farm |
| 24:55 | Build | Farm |
| 24:57 | Build | Farm |
Match timeline
| 5:11 | mrwiseguy1 · first_building Barracks |
| 7:59 | TheSplachKiller · first_building Barracks |
| 9:47 | Deryuro · first_building Barracks |
| 10:39 | Анольный Картель 7kmmr · age_up feudal |
| 10:53 | nextneko · age_up feudal |
| 11:13 | ksffvbh · first_building Barracks |
| 12:21 | lybbijanika · age_up feudal |
| 13:39 | Deryuro · age_up feudal |
| 14:33 | OL PERROLOKO · first_building Barracks |
| 15:25 | OL PERROLOKO · age_up feudal |
| 15:42 | Deryuro · first_building Archery Range |
| 16:07 | Анольный Картель 7kmmr · age_up castle |
| 17:01 | nextneko · first_building Stable |
| 17:06 | ksffvbh · age_up feudal |
| 17:23 | ksffvbh · first_building Stable |
| 18:02 | TheSplachKiller · wall_segment Stone Wall x25 |
| 18:18 | OL PERROLOKO · first_building Archery Range |
| 18:21 | lybbijanika · age_up castle |
| 18:44 | nextneko · age_up castle |
| 19:45 | OL PERROLOKO · first_building Stable |
| 20:17 | OL PERROLOKO · age_up castle |
| 20:49 | OL PERROLOKO · first_building Castle |
| 20:49 | nextneko · first_market_buy 100 stone |
| 21:06 | nextneko · first_building Castle |
| 21:07 | lybbijanika · first_building Stable |
| 21:31 | ksffvbh · age_up castle |
| 22:12 | nextneko · first_market_sell 500 wood |
| 22:12 | Deryuro · age_up castle |
| 22:20 | Deryuro · first_building Castle |
| 22:43 | OL PERROLOKO · first_market_sell 100 stone |
| 24:15 | OL PERROLOKO · first_market_buy 100 stone |
| 24:41 | ksffvbh · first_building Castle |
| 25:36 | TheSplachKiller · first_building Monastery |
| 26:00 | OL PERROLOKO · age_up imperial |
| 26:01 | lybbijanika · first_building Castle |
| 26:32 | TheSplachKiller · first_building Castle |
| 27:00 | Анольный Картель 7kmmr · first_building Castle |
| 28:37 | nextneko · first_building Monastery |
| 28:56 | mrwiseguy1 · first_building Monastery |
| 29:29 | Анольный Картель 7kmmr · first_building Barracks |
| 29:46 | lybbijanika · first_building Archery Range |
| 31:47 | ksffvbh · age_up imperial |
| 32:51 | Анольный Картель 7kmmr · age_up imperial |
| 33:16 | nextneko · first_building Barracks |
| 33:31 | lybbijanika · age_up imperial |
| 33:35 | Deryuro · age_up imperial |
| 34:07 | nextneko · age_up imperial |
| 36:43 | TheSplachKiller · first_building Siege Workshop |
| 37:39 | Анольный Картель 7kmmr · first_building Stable |
| 42:36 | Deryuro · first_market_sell 100 wood |
| 43:47 | nextneko · tribute_sent a jugador 1 |
| 43:47 | nextneko · tribute_sent a jugador 2 |
| 43:47 | nextneko · tribute_sent a jugador 3 |
| 43:47 | nextneko · tribute_sent a jugador 4 |
| 43:47 | nextneko · tribute_sent a jugador 6 |
| 43:47 | nextneko · tribute_sent a jugador 7 |
| 43:47 | nextneko · tribute_sent a jugador 8 |
| 43:54 | mrwiseguy1 · first_market_buy 100 stone |
| 44:15 | mrwiseguy1 · first_building Castle |
| 45:05 | mrwiseguy1 · first_building Siege Workshop |
| 45:54 | mrwiseguy1 · first_building Archery Range |
| 47:11 | Deryuro · first_building Monastery |
| 48:50 | TheSplachKiller · wall_segment Stone Wall x8 |
| 48:54 | TheSplachKiller · wall_segment Stone Wall x10 |
| 49:05 | TheSplachKiller · wall_segment Stone Wall x18 |
| 49:21 | lybbijanika · first_building Barracks |
| 50:23 | mrwiseguy1 · first_building Stable |
| 50:55 | TheSplachKiller · wall_segment Stone Wall x21 |
| 51:01 | mrwiseguy1 · wall_segment Stone Wall x17 |
| 51:59 | Deryuro · first_building Stable |
| 51:59 | TheSplachKiller · wall_segment Stone Wall x8 |
| 52:18 | OL PERROLOKO · tribute_sent a jugador 2 |
| 52:18 | OL PERROLOKO · tribute_sent a jugador 3 |
| 52:18 | OL PERROLOKO · tribute_sent a jugador 4 |
| 52:18 | OL PERROLOKO · tribute_sent a jugador 5 |
| 52:18 | OL PERROLOKO · tribute_sent a jugador 6 |
| 52:18 | OL PERROLOKO · tribute_sent a jugador 7 |
| 52:18 | OL PERROLOKO · tribute_sent a jugador 8 |
| 52:30 | TheSplachKiller · wall_segment Stone Wall x1 |
| 52:32 | TheSplachKiller · wall_segment Stone Wall x1 |
| 53:53 | TheSplachKiller · wall_segment Stone Wall x20 |
| 55:00 | lybbijanika · first_market_sell 100 food |
| 56:14 | mrwiseguy1 · first_market_sell 500 food |
| 57:56 | Deryuro · wall_segment Stone Wall x4 |
| 58:00 | Анольный Картель 7kmmr · resign |
| 65:58 | ksffvbh · first_building Siege Workshop |
| 68:25 | ksffvbh · first_market_sell 500 wood |
[ AI ANALYSIS · 1 CREDIT ]
What really happened in this match?
Wolo.gg analyzes every decision: build order, eco, micro, common mistakes by bracket. Personalized analysis on WhatsApp or Discord in 30 seconds.
Civ guide
Spanish
Map guide
Arena
Perfil
Jugador #24256560